 Dungeon Crawl Stone Soup version 0.24.0-123-gd5b16e6ec5 (webtiles) character file.

Game seed: 12891529254012895840, levelgen mode: deterministic

116 FishyPogo the Vexing (level 5, -1/40 HPs)
             Began as a Gnoll Arcane Marksman on Dec 19, 2019.
             Was a Priest of Jiyva.
             Slain by a hound (2 damage)
             ... on level 4 of the Dungeon.
             The game lasted 00:07:08 (2451 turns).

FishyPogo the Vexing (Gnoll Arcane Marksman)        Turns: 2451, Time: 00:07:09

Health: -1/40      AC:  5    Str: 14    XL:     5   Next: 0%
Magic:  9/9        EV: 19    Int: 14    God:    Jiyva [***...]
Gold:   136        SH:  0    Dex: 21    Spells: 7/10 levels left

rFire    . . .     SeeInvis .     - Unarmed
rCold    . . .     Gourm    .   (no shield)
rNeg     . . .     Faith    .   p - +0 ring mail
rPois    .         Spirit   .   (no helmet)
rElec    .         Reflect  .   (no cloak)
rCorr    +         Harm     .   (no gloves)
MR       .....                  (no boots)
Stlth    +++.......             (no amulet)
HPRegen  0.13/turn              (no ring)
MPRegen  0.11/turn              (no ring)

@: agile, very slightly contaminated, invisible
A: distributed training, fangs 1, strong nose
a: Request Jelly, Renounce Religion


You were on level 4 of the Dungeon.
You worshipped Jiyva.
Jiyva was most pleased with you.
You were not hungry.

You visited 1 branch of the dungeon, and saw 4 of its levels.

You collected 136 gold pieces.

Inventory:

Hand Weapons
 a - a +0 hand crossbow
Missiles
 b - 145 stones (quivered)
 i - 14 javelins
 j - 28 sling bullets
Armour
 e - a +0 robe
 p - a +0 ring mail (worn)
Wands
 n - a wand of iceblast (11)
Scrolls
 c - 3 scrolls of identify {unknown}
 h - a scroll of blinking {unknown}
 l - 2 scrolls of remove curse {unknown}
 m - 3 scrolls of fear {unknown}
 o - a scroll of enchant weapon {unknown}
Potions
 k - a potion of invisibility
Comestibles
 f - 4 rations


   Skills:
 + Level 2.8 Fighting
 + Level 1.2 Short Blades
 + Level 1.2 Long Blades
 + Level 1.2 Axes
 + Level 1.2 Maces & Flails
 + Level 1.2 Polearms
 + Level 1.2 Staves
 + Level 1.2 Slings
 + Level 1.2 Bows
 + Level 4.7 Crossbows
 + Level 1.2 Throwing
 + Level 1.2 Armour
 + Level 4.7 Dodging
 + Level 1.2 Stealth
 + Level 1.2 Shields
 + Level 1.2 Unarmed Combat
 + Level 3.0 Spellcasting
 + Level 1.0 Conjurations
 + Level 5.5 Hexes
 + Level 1.0 Charms
 + Level 1.0 Summonings
 + Level 1.0 Necromancy
 + Level 1.0 Translocations
 + Level 1.0 Transmutations
 + Level 1.0 Fire Magic
 + Level 1.0 Ice Magic
 + Level 1.0 Air Magic
 + Level 1.0 Earth Magic
 + Level 1.0 Poison Magic
 + Level 1.4 Invocations
 + Level 1.2 Evocations


You had 7 spell levels left.
You knew the following spells:

 Your Spells              Type           Power        Failure   Level  Hunger
a - Corona                Hex            ###....      4%          1    #......
b - Slow                  Hex            ###.....     7%          2    ##.....

Your spell library contained the following spells:

 Spells                   Type           Power        Failure   Level  Hunger
 Inner Flame              Hex/Fire       ##......     34%         3    ###....
 Portal Projectile        Hex/Tloc       ##....       34%         3    ###....
 Cause Fear               Hex            ###.......   41%         4    #####..
 Leda's Liquefaction      Hex/Erth       ##........   75%         4    #####..


Dungeon Overview and Level Annotations

Branches:
Dungeon (4/15)
 Temple: D:4-7

Altars:
Hepliaklqana
Kikubaaqudgha
Makhleb
Trog
Vehumet
Yredelemnul
Jiyva


Innate Abilities, Weirdness & Mutations

Your experience applies equally to all skills.
You have very sharp teeth.
Your uncanny sense of smell can sniff out nearby items.


Message History

You hear a distant slurping noise.
Jiyva appreciates your sacrifice.
You feel a little less hungry.
You hit the hound but do no damage.
The hound is moderately wounded.
The hound completely misses you.
The dart slug launches a dart at the hound.
The slug dart hits the hound.
The hound bites you but does no damage.
You hit the hound.
The hound is heavily wounded.
The hound closely misses you.
You hit the hound but do no damage.
The hound is heavily wounded.
The hound bites you.
* * * LOW HITPOINT WARNING * * *
The hound completely misses you.
You hit the hound.
The hound is severely wounded.
The hound bites you.
You die...

#..... .. #.#..#
.. ##....# .##
.....#...
###....#.##
......... #
#h#..####≈≈
###.##hw.(.(..≈≈
#....@##.#....≈≈
###.#.##.# ###.≈
# #.##.# #.####
#.. #.. #.. #...


You could see 2 hounds and a dart slug.

Vanquished Creatures
  A worker ant (D:4)
  2 adders
  A dart slug (D:1)
  5 leopard geckos
  2 ball pythons (D:1)
  9 bats
  15 giant cockroaches (D:2)
  5 goblins
  4 hobgoblins
  5 kobolds
  3 quokkas
  3 frilled lizards
  7 rats
62 creatures vanquished.

Vanquished Creatures (others)
  An orc (D:4)
  2 hobgoblins
  2 kobolds
  A rat (D:3)
6 creatures vanquished.

Grand Total: 68 creatures vanquished

Notes
Turn   | Place    | Note
-------+----------+-------------------------------------------
     0 | D:1      | FishyPogo the Gnoll Arcane Marksman began the quest for the
                  | Orb.
     0 | D:1      | Reached XP level 1. HP: 17/17 MP: 4/4
    67 | D:1      | Reached XP level 2. HP: 22/23 MP: 5/5
    71 | D:1      | Learned a level 2 spell: Slow
   386 | D:1      | Reached XP level 3. HP: 28/28 MP: 7/7
   818 | D:2      | Reached skill level 1 in Invocations
  1010 | D:2      | Reached skill level 1 in Short Blades
  1010 | D:2      | Reached skill level 1 in Long Blades
  1010 | D:2      | Reached skill level 1 in Axes
  1010 | D:2      | Reached skill level 1 in Maces & Flails
  1010 | D:2      | Reached skill level 1 in Polearms
  1010 | D:2      | Reached skill level 1 in Staves
  1010 | D:2      | Reached skill level 1 in Slings
  1010 | D:2      | Reached skill level 1 in Bows
  1010 | D:2      | Reached skill level 1 in Throwing
  1010 | D:2      | Reached skill level 1 in Armour
  1010 | D:2      | Reached skill level 1 in Stealth
  1010 | D:2      | Reached skill level 1 in Shields
  1010 | D:2      | Reached skill level 1 in Unarmed Combat
  1010 | D:2      | Reached skill level 1 in Evocations
  1036 | D:2      | Reached XP level 4. HP: 26/34 MP: 8/8
  1052 | D:2      | Found a hazy altar of Hepliaklqana.
  1052 | D:2      | Found a faded altar of an unknown god.
  1057 | D:2      | Found a bloodstained altar of Trog.
  1060 | D:2      | Became a worshipper of Jiyva Joumokko the Shapeless
  1060 | D:2      | Reached * piety under Jiyva
  1063 | D:2      | Found a radiant altar of Vehumet.
  1065 | D:2      | Found a burning altar of Makhleb.
  1552 | D:2      | Reached ** piety under Jiyva
  2030 | D:3      | Reached *** piety under Jiyva
  2038 | D:3      | Found a basalt altar of Yredelemnul.
  2105 | D:3      | Found an ancient bone altar of Kikubaaqudgha.
  2183 | D:3      | Found a faded altar of an unknown god.
  2311 | D:3      | Reached skill level 1 in Conjurations
  2311 | D:3      | Reached skill level 1 in Charms
  2311 | D:3      | Reached skill level 1 in Summonings
  2311 | D:3      | Reached skill level 1 in Necromancy
  2311 | D:3      | Reached skill level 1 in Translocations
  2311 | D:3      | Reached skill level 1 in Transmutations
  2311 | D:3      | Reached skill level 1 in Fire Magic
  2311 | D:3      | Reached skill level 1 in Ice Magic
  2311 | D:3      | Reached skill level 1 in Air Magic
  2311 | D:3      | Reached skill level 1 in Earth Magic
  2311 | D:3      | Reached skill level 1 in Poison Magic
  2430 | D:4      | Reached XP level 5. HP: 26/40 MP: 9/9
  2450 | D:4      | HP: 1/40 [hound (2)]
  2451 | D:4      | Slain by a hound

Levels and vault maps discovered:
D:1:      sevenhm_arrival_forest_fort_large_4, layout_basic,
          hangedman_glass_teeth
D:2:      minmay_roachtagon, layout_basic, chequers_temple_overflow_minitemple,
          minivault_19, minmay_misc_feat_ornament
D:3:      layout_rooms, marbit_many_paths, old_standard_altar,
          chequers_ecumenical_altar_grove, serial_forest,
          infiniplex_forest_end_1, infiniplex_forest_clump_cross,
          infiniplex_forest_straight_4, infiniplex_forest_diagonal,
          infiniplex_forest_clump_tiny, kennysheep_generic_room_10
D:4:      layout_basic, nicolae_overflow_crystal_walls, kennysheep_slug_shrine,
          tgw_xom, first_ration

Skill      XL: |  1  2  3  4 |
---------------+-------------+-----
Invocations    | 1 |  1.4
Short Blades   | 1 |  1.2
Long Blades    | 1 |  1.2
Axes           | 1 |  1.2
Maces & Flails | 1 |  1.2
Polearms       | 1 |  1.2
Staves         | 1 |  1.2
Slings         | 1 |  1.2
Bows           | 1 |  1.2
Throwing       | 1 |  1.2
Armour         | 1 |  1.2
Stealth        | 1 |  1.2
Shields        | 1 |  1.2
Unarmed Combat | 1 |  1.2
Evocations     | 1 |  1.2
Spellcasting   | 3 |  3.0
Conjurations   | 1 |  1.0
Charms         | 1 |  1.0
Summonings     | 1 |  1.0
Necromancy     | 1 |  1.0
Translocations | 1 |  1.0
Transmutations | 1 |  1.0
Fire Magic     | 1 |  1.0
Ice Magic      | 1 |  1.0
Air Magic      | 1 |  1.0
Earth Magic    | 1 |  1.0
Poison Magic   | 1 |  1.0
Fighting       | |  2.8
Crossbows      | |  4.7
Dodging        | |  4.7
Hexes          | |  5.5

Action                   |  1- 3 |  4- 6 || total
-------------------------+-------+-------++-------
Melee: Unarmed           |    37 |    41 ||    78
       Bite              |     7 |     3 ||    10
 Fire: Hand crossbow     |    58 |    42 ||   100
Throw: Stone             |    91 |     5 ||    96
  Use: Potion            |       |     2 ||     2
 Stab: Sleeping          |     1 |       ||     1
  Eat: Chunk             |       |     3 ||     3
Armor: Robe              |    26 |     9 ||    35
       Ring mail         |       |    12 ||    12
Dodge: Dodged            |   108 |    84 ||   192
